 Dungeon Crawl Stone Soup version 0.28-a0-1524-ge72afd5fc6 (webtiles) character file.

Game seed: 6588702047465291393

13 psuckher the Sneak (level 2, -5/25 HPs)
             Began as a Barachi Delver on Jan 17, 2022.
             Slain by a water moccasin zombie (7 damage)
             ... on level 5 of the Dungeon.
             The game lasted 00:01:13 (118 turns).

psuckher the Sneak (Barachi Delver)                  Turns: 118, Time: 00:01:13

Health: -5/25      AC:  3    Str: 13    XL:     2   Next: 37%
Magic:  2/2        EV: 12    Int: 10    God:
Gold:   0          SH:  0    Dex: 13    Spells: 1/1 levels left

rFire   . . .      SeeInvis .   a - +0 falchion
rCold   . . .      Faith    .   (no shield)
rNeg    . . .      Spirit   .   b - +0 leather armour
rPois   .          Reflect  .   (no helmet)
rElec   .          Harm     .   (no cloak)
rCorr   .          Rampage  .   (no gloves)
Will    .....                   (no boots)
Stlth   +++.......              (no amulet)
HPRegen 0.08/turn               (no ring)
MPRegen 0.08/turn               (no ring)

@: hasted, very quick
A: amphibious, slowness 1, strong legs 1, +LOS
a: Hop


You were on level 5 of the Dungeon.
You visited 1 branch of the dungeon, and saw 1 of its levels.

Inventory:

Hand Weapons
 a - a +0 falchion (weapon)
Missiles
 h - 16 sling bullets
Armour
 b - a +0 leather armour (worn)
Wands
 g - a wand of digging (3)
Scrolls
 e - a scroll of fear


   Skills:
 + Level 3.7 Fighting
 + Level 2.5 Long Blades
 + Level 2.2 Dodging
 + Level 4.9 Stealth


You had one spell level left.
You didn't know any spells.
Your spell library contained the following spells:

 Spells                   Type           Power      Damage    Failure   Level
 Beastly Appendage        Tmut           0%         N/A       43%         1
 Wereblood                Tmut           0%         N/A       58%         2
 Spider Form              Tmut/Pois      0%         N/A       82%         3


Dungeon Overview and Level Annotations

Branches:
Dungeon (5/15)
 Temple: D:4-7

Altars:

Shops:
D:5 [


Innate Abilities, Weirdness & Mutations

You are amphibious.
You cover ground slowly.
You can hop short distances.
You have an extended range of vision and can be seen from far away.


Message History

You slash the dart slug!
You kill the dart slug!
You open the door.
Found Maudghel's Armour Shoppe.
There is an open door here.
There is an entrance to Maudghel's Armour Shoppe here.
You open the door.
There is an open door here.
A water moccasin zombie comes into view.
Found a spear.
The water moccasin zombie closely misses you.
You hit the water moccasin zombie.
The water moccasin zombie is lightly damaged.
The water moccasin zombie closely misses you.
The water moccasin zombie bites you!
You slash the water moccasin zombie!
The water moccasin zombie is moderately damaged.
The water moccasin zombie closely misses you.
You hit the water moccasin zombie.
The water moccasin zombie is moderately damaged.
The water moccasin zombie closely misses you.
The water moccasin zombie bites you.
You slash the water moccasin zombie!
The water moccasin zombie is heavily damaged.
The water moccasin zombie bites you.
* * * LOW HITPOINT WARNING * * *
You hit the water moccasin zombie.
The water moccasin zombie is heavily damaged.
The water moccasin zombie bites you.
* * * LOW HITPOINT WARNING * * *
Okay, then.
A water moccasin zombie is nearby!
As you read the scroll of fog, it crumbles to dust.
The scroll dissolves into smoke.
The water moccasin zombie bites you but does no damage.
The water moccasin zombie barely misses you.
The water moccasin zombie barely misses you.
The water moccasin zombie bites you but does no damage. x2
You feel yourself speed up. The water moccasin zombie bites you!
You die...

,,,,,,...............>..........#
,,,,,,..........................#
,,,,,*#....##..##..###...########
,,,,.##....*#..#####*#...#*******
,,,,,....).,+..# #......,,,,,,
,,,,,,.....,#..# #........,,,,
,,*#,**#..#*#..# ***#+#####..**,,
*###.###..####'###,,,,,*,**###***
,..........§§+∩'@#,,,,,*,,,,,*,,,
,.........§§§#+#Z#,,,,,*,,,,,*,,,
,..........§§§§..#,,,,,*,,,,,+,,,
,.##..##..##§§...#,,,,,********,,
*+***+*#..##§.§..#,,,,,,,,,,,,*,,
,,,,,,...Z########,,,,,,,,,,,,***
,,,,,.....#,,,,,,,,****,,,,,,,+,,
***#..##..#,,,,,,,,*,,+,,,,,,,*,,
###*#..#,,,,,,,,*,,*,,,,,,,*+*


You could see a water moccasin zombie.

Vanquished Creatures
  A howler monkey skeleton (D:5)
  A dart slug (D:5)
2 creatures vanquished.

Notes
Turn   | Place    | Note
-------+----------+-------------------------------------------
     0 | D:5      | psuckher the Barachi Delver began the quest for the Orb.
     0 | D:5      | Reached XP level 1. HP: 18/18 MP: 1/1
    41 | D:5      | Reached XP level 2. HP: 19/25 MP: 2/2
    86 | D:5      | Found Maudghel's Armour Shoppe.
   110 | D:5      | HP: 1/25 [water moccasin zombie (2)]
   118 | D:5      | Slain by a water moccasin zombie

Illustrated notes

Levels and vault maps discovered:
D:5:      layout_gridville, serial_shops, kennysheep_mini

Action                   || total
-------------------------++-------
Melee: Falchion          ||    15
  Use: Scroll            ||     2
       Potion            ||     1
Armor: Leather armour    ||     3
Dodge: Dodged            ||    12

Table legend: (Time is in decaauts)
 A = Elapsed time spent in this place.
 B = Non-inter-level travel time spent in this place.
 C = Inter-level travel time spent in this place.
 D = Time resting spent in this place.
 E = Time spent auto-exploring this place.
 F = Levels seen in this place.
 G = Mean time per level.
                   A        B        C        D        E       F      G
               +--------+--------+--------+--------+--------+-----+--------+
         Total |    139 |    139 |      0 |      0 |      0 |   1 |  139.0 |
       Dungeon |    139 |    139 |      0 |      0 |      0 |   1 |  139.0 |
               +--------+--------+--------+--------+--------+-----+--------+

Top non-repeatable levels by time:
     D:5: 139 daAuts
